 Dungeon Crawl Stone Soup version 0.18.1-8-gdd0e5ea (webtiles) character file.

50 Marenglen the Vexing (level 3, -7/32 HPs)
             Began as a Troll Arcane Marksman on May 23, 2016.
             Killed by divine providence
             ... invoked by an orc priest
              (16 damage)
             ... on level 2 of the Dungeon.
             The game lasted 00:05:12 (1999 turns).

Marenglen the Vexing (Troll Arcane Marksman)        Turns: 1999, Time: 00:05:14

Health: -7/32      AC:  8    Str: 19    XL:     3   Next: 55%
Magic:  3/3        EV:  9    Int:  9    God:
Gold:   139        SH:  0    Dex: 10    Spells: 2 memorised, 1 level left

rFire  . . .     SeeInvis .     a - +0 mace (protect)
rCold  . . .     Gourm    +     (armour restricted)
rNeg   + . .     Faith    .     (no shield)
rPois  .         Spirit   .     (helmet restricted)
rElec  .         Dismiss  .     (no cloak)
rCorr  .         Reflect  .     (gloves unavailable)
SustAt .         Harm     .     (boots unavailable)
MR     .....                    (no amulet)
Stlth  +.........               (no ring)
                                l - ring of positive energy

@: not resistant to hostile enchantments, very unstealthy
A: unfitting armour, claws 3, fast metabolism 3, gourmand, regeneration 2,
shaggy fur 1, tough skin 2
a: no special abilities


You were on level 2 of the Dungeon.
You were full.

You visited 1 branch of the dungeon, and saw 3 of its levels.

You collected 139 gold pieces.

Inventory:

Hand Weapons
 a - a +0 mace of protection (weapon)
Missiles
 d - a throwing net
 e - 11 poisoned needles
 o - a large rock (quivered)
Rods
 b - a -1 rod of ignition (7/12)
   (You found it on level 3 of the Dungeon)
Jewellery
 l - a ring of positive energy (left claw)
Scrolls
 h - 2 scrolls of immolation
 j - a scroll of amnesia
Potions
 g - a potion of might
 i - a potion of brilliance
 k - a potion of agility
 m - a potion of resistance {unknown}
Books
 n - a book of Debilitation

   Spells                             Type                      Level
   a - Corona                         Hexes                        1
   b - Slow                           Hexes                        2
   c - Gell's Gravitas                Hexes/Translocation          3
   d - Inner Flame                    Hexes/Fire                   3
   e - Cause Fear                     Hexes                        4
   f - Leda's Liquefaction            Hexes/Earth                  4
Comestibles
 f - 4 bread rations
 p - 3 meat rations


   Skills:
 - Level 0.7 Fighting
 + Level 0.0 Maces & Flails
 - Level 1.7 Throwing
 - Level 1.5 Dodging
 - Level 2.0 Unarmed Combat
 - Level 1.0 Spellcasting
 + Level 2.6 Hexes


You had one spell level left.
You knew the following spells:

 Your Spells              Type           Power        Failure   Level  Hunger
a - Corona                Hex            #......      14%         1    ##.....
b - Slow                  Hex            #.......     21%         2    ###....


Dungeon Overview and Level Annotations

Branches:
Dungeon (3/15)

Altars:
Gozag
Trog

Annotations:
D:3 Marenglen's ghost, amateur TrAM


Innate Abilities, Weirdness & Mutations

You are too large for most types of armour.
You have claws for hands.
Your metabolism is lightning-fast.
You like to eat raw meat.
You heal very quickly.
You are covered in fur (AC +1).
You have very tough skin (AC +2).


Message History

Throwing (i - inventory. (,) - cycle):
o - 2 large rocks (quivered)
Press: ? - help, Shift-Dir - straight line, f - orc priest
Aim: an orc priest, wielding a mace of protection (moderately wounded)
You throw a large rock.
The large rock closely misses the orc priest.
The orc priest hits you with a mace of protection.
* * * LOW HITPOINT WARNING * * *
The orc hits you but does no damage.
The orc priest hits you but does no damage.
The orc hits you but does no damage.
Fire/throw which item? (* to show all) (? for menu, Esc to quit)
Press: ? - help, Shift-Dir - straight line, f/p - orc priest
Aim: an orc priest, wielding a mace of protection (moderately wounded)
You throw a throwing net.
The throwing net barely misses the orc priest.
The orc barely misses you.
The orc priest invokes the aid of Beogh against you.
Beogh smites you!
Ouch! That really hurt!
You die...

.._.##.# #..####
#.# ....##.# #..##
#.# #...##.# #...#
#.# ##..^### #.#.#
####.# .#####
#.#.# #....#
..#### #>#.#
#.#### .....#
#.#.# #.#
.###.#####.#.# #o#
.# #.......#.# #@#
.###.#######.# #o#
.....#######.# #.#
.............# #.#
...#############.#
#.####...........#
#......###########
########


You could see an orc priest and an orc.

Vanquished Creatures
  A worm (D:2)
  A dart slug (D:2)
  2 giant geckos (D:2)
  4 orcs (D:2)
  A bat (D:1)
  2 giant cockroaches
  A hobgoblin (D:1)
  4 jackals (D:2)
  5 kobolds (D:1)
  2 quokkas (D:2)
  4 giant newts
  6 goblins
  5 rats
38 creatures vanquished.

Notes
Turn   | Place    | Note
--------------------------------------------------------------
     0 | D:1      | Marenglen the Troll Arcane Marksman began the quest for the Orb.
     0 | D:1      | Reached XP level 1. HP: 18/18 MP: 1/1
   394 | D:1      | Reached skill level 1 in Unarmed Combat
   397 | D:1      | Reached XP level 2. HP: 16/26 MP: 2/2
   984 | D:2      | Found a bloodstained altar of Trog.
  1041 | D:2      | Reached XP level 3. HP: 26/32 MP: 3/3
  1398 | D:2      | Found an opulent altar of Gozag.
  1683 | D:3      | Identified a -1 rod of ignition (12/12) (You found it on level 3 of the Dungeon)
  1699 | D:3      | Noticed Marenglen's ghost (amateur TrAM)
  1945 | D:2      | Learned a level 2 spell: Slow
  1999 | D:2      | Killed from afar by an orc priest

Skill      XL: |  1  2  3 |
---------------+----------+-----
Unarmed Combat | 1 2 |  2.0
Fighting       | |  0.7
Throwing       | |  1.7
Dodging        | |  1.5
Spellcasting   | |  1.0
Hexes          | |  2.6

Action                   || total
-------------------------++-------
Melee: Unarmed           ||   122
       Mace              ||     2
Throw: Large rock        ||     8
       Throwing net      ||     2
Evoke: Rod               ||     2
  Use: Scroll            ||     5
 Stab: Sleeping          ||     1
  Eat: Chunk             ||    21
Armor: Skin              ||    42
Dodge: Dodged            ||    62
